APP
MISSOULA OSPREY @ KINGSPORT METS
08/14/2047
 
TOP OF THE 1ST
Missoula Osprey batting - Pitching for Kingsport Mets : RHP Pat Sprague
Pitching: RHP Pat Sprague
Batting: RHB Hyeok Shon 0-0: Ball
1-0: Ball
2-0: Foul Ball, location: 2F
2-1: Swinging Strike
2-2: Ball
3-2: Base on Balls
Batting: RHB Chris Jones 0-0: Called Strike
Hyeok Shon is caught stealing 2nd base 2-4
0-1: Foul Ball, location: 2F
0-2: Ball
1-2: DOUBLE (Line Drive, 89D, EV 110.0 MPH)
Batting: LHB Nelson Pelico 0-0: Ball
1-0: Called Strike
1-1: Swinging Strike
1-2: Strikes out swinging
Batting: RHB Cesar Rendon 0-0: Foul Ball, location: 2F
0-1: Swinging Strike
0-2: Ball
1-2: Ball
2-2: Strikes out swinging
Top of the 1st over - 0 runs, 1 hit, 0 errors, 1 left on base; Missoula 0 - Kingsport 0
BOTTOM OF THE 1ST
Kingsport Mets batting - Pitching for Missoula Osprey : RHP Jose Rodas
Pitching: RHP Jose Rodas
Batting: RHB Michael Youngberry 0-0: Called Strike
0-1: Bunt missed!
0-2: Ball
1-2: Strikes out swinging
Batting: RHB Jake Geib 0-0: Ground out U3 (Groundball, 34, EV 84.4 MPH)
Batting: LHB Dan Bremseth 0-0: Ball
1-0: SINGLE (Groundball, 4MD, EV 95.0 MPH)
Batting: RHB Mike Hanks 0-0: Hit by Pitch
Dan Bremseth to second
Batting: SHB Nick Daigle 0-0: Ball
1-0: Ball
2-0: Called Strike
2-1: Foul Ball, location: 2F
2-2: Ball
3-2: Strikes out swinging, 2-3 out at first.
Bottom of the 1st over - 0 runs, 1 hit, 0 errors, 2 left on base; Missoula 0 - Kingsport 0
TOP OF THE 2ND
Missoula Osprey batting - Pitching for Kingsport Mets : RHP Pat Sprague
Batting: RHB Edwin Romero 0-0: Reached via error on a dropped throw from 2B, E3 (Groundball, 4, EV 85.0 MPH)
Batting: LHB Danny Salas 0-0: Ball
1-0: Swinging Strike
1-1: Ball
2-1: Ball
3-1: Called Strike
3-2: Strikes out swinging
Batting: RHB Hector Tabares 0-0: Called Strike
0-1: Fly out, F9 (Flyball, 9S, EV 85.0 MPH)
Batting: RHB David Powell 0-0: Ball
1-0: Ball
2-0: Ball
3-0: Called Strike
3-1: Called Strike
3-2: Strikes out looking
Top of the 2nd over - 0 runs, 0 hits, 1 error, 1 left on base; Missoula 0 - Kingsport 0
BOTTOM OF THE 2ND
Kingsport Mets batting - Pitching for Missoula Osprey : RHP Jose Rodas
Batting: RHB J.D. Brese 0-0: Called Strike
0-1: Ball
1-1: Foul Ball, location: 2F
1-2: Ball
2-2: Ball
3-2: Foul Ball, location: 2F
3-2: SOLO HOME RUN (Flyball, 89XD, EV 108.8 MPH), Distance : 414 ft
Batting: RHB Enrique Aguirre 0-0: SOLO HOME RUN (Flyball, 9LD, EV 90.0 MPH), Distance : 347 ft
Batting: LHB Matt Baker 0-0: Called Strike
0-1: Bunt for hit to 15 - play at first, batter OUT! 1-3
Batting: RHB Warren Carmichael 0-0: Ball
1-0: Ball
2-0: Called Strike
2-1: Called Strike
2-2: Strikes out swinging
Batting: RHB Michael Youngberry 0-0: Swinging Strike
0-1: Swinging Strike
0-2: Foul Ball, location: 2F
0-2: Ball
1-2: Ground out 6-3 (Groundball, 6, EV 81.2 MPH)
Bottom of the 2nd over - 2 runs, 2 hits, 0 errors, 0 left on base; Missoula 0 - Kingsport 2
TOP OF THE 3RD
Missoula Osprey batting - Pitching for Kingsport Mets : RHP Pat Sprague
Batting: RHB Isaiah Hampton 0-0: Ball
1-0: Fly out, F4 (Line Drive, 4M, EV 61.2 MPH)
Batting: RHB Hyeok Shon 0-0: Called Strike
0-1: Swinging Strike
0-2: Ball
1-2: Ball
2-2: Ball
3-2: Foul Ball, location: 2F
3-2: Base on Balls
Batting: RHB Chris Jones 0-0: Ball
1-0: Called Strike
1-1: Ball
2-1: Foul Ball, location: 2F
2-2: Ball
3-2: Base on Balls
Hyeok Shon to second
Batting: LHB Nelson Pelico 0-0: Swinging Strike
0-1: Fly out, F9 (Flyball, 9LS, EV 96.9 MPH)
Batting: RHB Cesar Rendon 0-0: Called Strike
0-1: Swinging Strike
0-2: Ball
1-2: Ball
2-2: Strikes out swinging
Top of the 3rd over - 0 runs, 0 hits, 0 errors, 2 left on base; Missoula 0 - Kingsport 2
BOTTOM OF THE 3RD
Kingsport Mets batting - Pitching for Missoula Osprey : RHP Jose Rodas
Batting: RHB Jake Geib 0-0: Called Strike
0-1: Ball
1-1: Ball
2-1: Swinging Strike
2-2: Strikes out swinging
Batting: LHB Dan Bremseth 0-0: Ball
1-0: Foul Ball, location: 2F
1-1: Ball
2-1: Ball
3-1: Base on Balls
Batting: RHB Mike Hanks 0-0: Foul Ball, location: 2F
0-1: Fly out, F4 (Line Drive, 4, EV 70.0 MPH)
Batting: SHB Nick Daigle 0-0: Ball
1-0: Ball
2-0: Ground out 1-3 (Groundball, 34S, EV 67.5 MPH)
Bottom of the 3rd over - 0 runs, 0 hits, 0 errors, 1 left on base; Missoula 0 - Kingsport 2
TOP OF THE 4TH
Missoula Osprey batting - Pitching for Kingsport Mets : RHP Pat Sprague
Batting: RHB Edwin Romero 0-0: Swinging Strike
0-1: Ball
1-1: Fly out, F7 (Flyball, 7S, EV 84.4 MPH)
Batting: LHB Danny Salas 0-0: Foul Ball, location: 2F
0-1: Swinging Strike
0-2: Strikes out looking
Batting: RHB Hector Tabares 0-0: Ball
1-0: Ball
2-0: Called Strike
2-1: Fly out, F8 (Line Drive, 89M, EV 93.8 MPH)
Top of the 4th over - 0 runs, 0 hits, 0 errors, 0 left on base; Missoula 0 - Kingsport 2
BOTTOM OF THE 4TH
Kingsport Mets batting - Pitching for Missoula Osprey : RHP Jose Rodas
Batting: RHB J.D. Brese 0-0: Ball
1-0: Ball
2-0: Called Strike
2-1: Ball
3-1: Swinging Strike
3-2: Ground out 5-3 (Groundball, 56S, EV 82.5 MPH)
Batting: RHB Enrique Aguirre 0-0: Called Strike
0-1: Ball
1-1: Called Strike
1-2: Strikes out looking
Batting: LHB Matt Baker 0-0: Swinging Strike
0-1: Called Strike
0-2: Strikes out swinging
Bottom of the 4th over - 0 runs, 0 hits, 0 errors, 0 left on base; Missoula 0 - Kingsport 2
TOP OF THE 5TH
Missoula Osprey batting - Pitching for Kingsport Mets : RHP Pat Sprague
Batting: RHB David Powell 0-0: Ball
1-0: Ground out 5-3 (Groundball, 5L, EV 80.0 MPH)
Batting: RHB Isaiah Hampton 0-0: Ground out 5-3 (Groundball, 5S, EV 71.9 MPH)
Batting: RHB Hyeok Shon 0-0: Swinging Strike
0-1: Swinging Strike
0-2: Strikes out swinging
Top of the 5th over - 0 runs, 0 hits, 0 errors, 0 left on base; Missoula 0 - Kingsport 2
BOTTOM OF THE 5TH
Kingsport Mets batting - Pitching for Missoula Osprey : RHP Jose Rodas
Batting: RHB Warren Carmichael 0-0: Foul Ball, location: 2F
0-1: Fly out, F6 (Popup, 15, EV 88.1 MPH)
Batting: RHB Michael Youngberry 0-0: Fly out, F9 (Line Drive, 9S, EV 92.5 MPH)
Batting: RHB Jake Geib 0-0: Ball
1-0: Called Strike
1-1: SINGLE (Groundball, 6M, EV 103.8 MPH)
Batting: LHB Dan Bremseth 0-0: Ball
1-0: 2-RUN HOME RUN (Flyball, 9D, EV 96.2 MPH), Distance : 383 ft
Batting: RHB Mike Hanks 0-0: Ball
1-0: Ground out 6-3 (Groundball, 6, EV 103.8 MPH)
Bottom of the 5th over - 2 runs, 2 hits, 0 errors, 0 left on base; Missoula 0 - Kingsport 4
TOP OF THE 6TH
Missoula Osprey batting - Pitching for Kingsport Mets : RHP Pat Sprague
Batting: RHB Chris Jones 0-0: Fly out, F6 (Line Drive, 6, EV 63.1 MPH)
Batting: LHB Nelson Pelico 0-0: Ball
1-0: Ball
2-0: Fly out, F8 (Flyball, 8LS, EV 92.5 MPH)
Batting: RHB Cesar Rendon 0-0: Ball
1-0: Ball
2-0: Ball
3-0: Called Strike
3-1: Fly out, F3 (Line Drive, 3, EV 64.4 MPH)
Top of the 6th over - 0 runs, 0 hits, 0 errors, 0 left on base; Missoula 0 - Kingsport 4
BOTTOM OF THE 6TH
Kingsport Mets batting - Pitching for Missoula Osprey : RHP Jose Rodas
Batting: SHB Nick Daigle 0-0: Called Strike
0-1: Ball
1-1: Ball
2-1: Ball
3-1: Base on Balls
Batting: RHB J.D. Brese 0-0: 2-RUN HOME RUN (Flyball, 7D, EV 94.4 MPH), Distance : 367 ft
Pitching: LHP Liu-liang Zhu
Batting: RHB Enrique Aguirre 0-0: Ball
1-0: Foul Ball, location: 2F
1-1: Foul Ball, location: 2F
1-2: Foul Ball, location: 2F
1-2: DOUBLE (Line Drive, 89D, EV 111.9 MPH)
Batting: LHB Matt Baker 0-0: Ground out U3 (Groundball, 3, EV 90.6 MPH)
Enrique Aguirre to third
Batting: RHB Warren Carmichael 0-0: Ball
1-0: Ball
2-0: SINGLE (Groundball, 25, EV 67.5 MPH) (infield hit)
Batting: RHB Michael Youngberry 0-0: Ball
1-0: Ground out 6-3 (Groundball, 4MD, EV 100.0 MPH)
Enrique Aguirre scores
Warren Carmichael to second
Batting: RHB Jake Geib 0-0: Foul Ball, location: 2F
0-1: Swinging Strike
0-2: Fly out, F4 (Popup, 4S, EV 71.2 MPH)
Bottom of the 6th over - 3 runs, 3 hits, 0 errors, 1 left on base; Missoula 0 - Kingsport 7
TOP OF THE 7TH
Missoula Osprey batting - Pitching for Kingsport Mets : RHP Pat Sprague
Batting: RHB Jonathan Mora 0-0: Ball
1-0: Called Strike
1-1: Called Strike
1-2: Reached on error, E6 (Groundball, 6, EV 90.0 MPH)
Batting: LHB Danny Salas 0-0: Grounds into double play, 4-6-3 (Groundball, 4, EV 106.2 MPH)
Batting: RHB Hector Tabares 0-0: Ball
1-0: Foul Ball, location: 2F
1-1: Ground out 6-3 (Groundball, 6, EV 89.4 MPH)
Top of the 7th over - 0 runs, 0 hits, 1 error, 0 left on base; Missoula 0 - Kingsport 7
BOTTOM OF THE 7TH
Kingsport Mets batting - Pitching for Missoula Osprey : LHP Liu-liang Zhu
Batting: LHB Dan Bremseth 0-0: Called Strike
0-1: Foul Ball, location: 2F
0-2: Ball
1-2: Ground out 1-3 (Groundball, 13S, EV 63.1 MPH)
Pinch Hitting: RHB Coltin Nellis 0-0: Called Strike
0-1: Ball
1-1: Ball
2-1: Fly out, F9 (Flyball, 9S, EV 88.1 MPH)
Batting: SHB Nick Daigle 0-0: SINGLE (Groundball, 6MD, EV 100.6 MPH)
Batting: RHB J.D. Brese 0-0: Ball
Nick Daigle steals 2nd, throwing error, E2
Nick Daigle to third
1-0: Ground out 3-1 (Groundball, 34, EV 100.0 MPH)
Bottom of the 7th over - 0 runs, 1 hit, 1 error, 1 left on base; Missoula 0 - Kingsport 7
TOP OF THE 8TH
Missoula Osprey batting - Pitching for Kingsport Mets : RHP Pat Sprague
Now at 1B: Juan Medina
Batting: RHB David Powell 0-0: Ball
1-0: Fly out, F7 (Flyball, 7LS, EV 93.1 MPH)
Batting: RHB Isaiah Hampton 0-0: Called Strike
0-1: Foul Ball, location: 2F
0-2: Ball
1-2: Ball
2-2: Foul Ball, location: 2F
2-2: Strikes out swinging
Batting: RHB Hyeok Shon 0-0: Fly out, F7 (Flyball, 78S, EV 81.9 MPH)
Top of the 8th over - 0 runs, 0 hits, 0 errors, 0 left on base; Missoula 0 - Kingsport 7
BOTTOM OF THE 8TH
Kingsport Mets batting - Pitching for Missoula Osprey : LHP Liu-liang Zhu
Batting: RHB Enrique Aguirre 0-0: Swinging Strike
0-1: Called Strike
0-2: Strikes out swinging
Batting: LHB Matt Baker 0-0: Called Strike
0-1: Ball
1-1: Called Strike
1-2: Foul Ball, location: 2F
1-2: Strikes out swinging
Batting: RHB Warren Carmichael 0-0: Swinging Strike
0-1: Ball
1-1: Foul Ball, location: 2F
1-2: Ball
2-2: Ball
3-2: Strikes out swinging
Bottom of the 8th over - 0 runs, 0 hits, 0 errors, 0 left on base; Missoula 0 - Kingsport 7
TOP OF THE 9TH
Missoula Osprey batting - Pitching for Kingsport Mets : RHP Pat Sprague
Batting: RHB Chris Jones 0-0: Called Strike
0-1: Ball
1-1: Ball
2-1: Ball
3-1: DOUBLE (Line Drive, 7LS, EV 106.9 MPH)
Batting: LHB Nelson Pelico 0-0: Ground out U3 (Groundball, 34S, EV 70.6 MPH)
Chris Jones to third
Pitching: LHP Matt Allert
Batting: RHB Cesar Rendon 0-0: Ball
1-0: Foul Ball, location: 2F
1-1: Ball
2-1: Foul Ball, location: 2F
2-2: Ball
Wild Pitch!
Chris Jones scores
3-2: Fly out, F7 (Line Drive, 7D, EV 90.0 MPH)
Batting: RHB Jonathan Mora 0-0: Swinging Strike
0-1: Ball
1-1: Ball
2-1: Foul Ball, location: 2F
2-2: Ball
3-2: Strikes out swinging
Top of the 9th over - 1 run, 1 hit, 0 errors, 0 left on base; Missoula 1 - Kingsport 7
Thursday, December 15th , 2022 - OOTP Baseball 23.9 Build 102